Map: Avalon Labs

Players

Blubbel

  • Race: Terran Terran
  • League: Silver

zod

  • Race: Protoss Protoss
  • League: Silver

MasteroP

  • Race: Zerg Zerg
  • League: Gold

Crafty

  • Race: Protoss Protoss
  • League: Silver

Duck

  • Race: Zerg Zerg

Bcblond

  • Race: Zerg Zerg
  • League: Platinum

VOD

Have the link to the VOD?

Description

Time

  • Played on: Jan. 20, 2016, 3:21 p.m.
  • Length: 16:09
Show
View Real Time Build Order
Export as new Build Order

Blubbel Terran 

Build Orders: MMM Bio 

Get SALT Encoding   

  12  0:01  SCV  
  13  0:13  SCV  
  14  0:21  Supply Depot  
  14  0:25  SCV  
  15  0:30  Refinery  
  15  0:43  SCV  
  15  0:47  Barracks  
  16  0:55  SCV  
  17  1:08  Engineering Bay  
  17  1:12  SCV  
  18  1:27  SCV  
  19  1:42  SCV  
  20  1:47  Factory  
  20  1:54  SCV  
  21  2:06  Command Center, SCV  
  22  2:32  Missile Turret  
  22  2:36  Marine  
  23  2:39  Starport  
  23  3:02  Supply Depot  
  23  3:05  Supply Depot  
  23  3:17  Marine, Widow Mine  
  23  3:19  Starport  
  26  3:20  SCV  
  27  3:27  Missile Turret  
  27  3:32  SCV  
  28  3:35  Marine  
  29  3:42  Barracks  
  29  3:44  SCV  
  30  3:53  Marine  
  31  3:57  Medivac  
  33  4:09  Refinery  
  33  4:10  Marine, Widow Mine  
  33  4:13  SCV  
  37  4:25  SCV  
  38  4:35  Barracks Tech Lab  
  38  4:38  SCV, Barracks  
  39  4:50  SCV  
  40  4:55  Stimpack  
  40  5:02  SCV  
  40  5:04  Supply Depot  
  41  5:08  Terran Infantry Weapons Level 1  
  41  5:27  Supply Depot  
  34  6:00  Factory Tech Lab, Starport  
  34  6:04  Marine  
  34  6:06  Barracks Reactor  
  34  6:09  SCV  
  36  6:18  Viking  
  38  6:21  SCV  
  38  6:22  Marine  
  40  6:33  SCV  
  40  6:39  Marine  
  41  6:45  SCV  
  43  6:48  Viking  
  45  6:57  SCV  
  46  7:13  Siege Tank  
  49  7:15  Starport Reactor  
  49  7:40  SCV  
  50  7:45  Missile Turret  
  50  7:46  Liberator x2  
  50  8:00  Starport Tech Lab  
  56  8:07  Missile Turret  
  56  8:10  Marine x2, Marauder  
  60  8:15  Supply Depot  
  60  8:16  Starport Reactor  
  60  8:28  Marine x2  
  60  8:31  Marauder  
  64  8:46  Marine x2  
  66  8:52  Marauder, Liberator x2  
  74  9:14  Marauder  
  76  9:18  Command Center  
  76  9:21  Marine x2  
  78  9:26  Barracks  
  78  9:27  Terran Infantry Armor Level 1  
  78  9:36  Refinery  
  78  9:38  Refinery  
  78  9:44  Supply Depot  
  78  9:48  Supply Depot  
  78  10:02  Combat Shields  
  78  10:06  SCV, Marauder, Marine x2  
  83  10:18  SCV  
  84  10:23  Marine x2  
  84  10:28  Marauder  
  88  10:41  Marine x2, Liberator x2  
  90  10:49  Marauder  
  92  10:54  Barracks Reactor  
  98  11:10  Marauder  
  86  12:26  Marine x2  
  86  12:27  Marauder, Marine x2  
  86  12:28  Marine  
  93  12:37  Armory  
  93  12:44  Marine x3  
  93  12:45  Marine x2  
  93  12:49  Marauder  
  100  13:02  Marine x3  
  100  13:03  Marine x2  
  105  13:10  Marauder  
  107  13:20  Marine x2  
  109  13:41  Marine x2, Marauder  
  109  13:42  Marine x3  
  109  13:46  Liberator x2  
  94  13:51  SCV  
  95  14:01  Marine x4  
  95  14:02  Marauder  
  101  14:03  SCV  
  108  14:11  Terran Ship Weapons Level 1  
  108  14:15  SCV  
  108  14:24  Viking  
  108  14:25  Viking  
  108  14:26  Marauder  
  108  14:28  Liberator  
  69  14:44  Marine  
  65  14:47  Marauder  
  64  14:54  Viking  
  64  14:55  Viking  
  66  15:05  Marine x2  
  60  15:20  Marine  
  61  15:21  Marine  
  61  15:23  Marine  
  60  15:39  Marine  
Show
View Real Time Build Order
Export as new Build Order

zod Protoss 

Build Orders:  

Get SALT Encoding   

  12  0:01  Probe (Chrono Boost)  
  13  0:12  Probe (Chrono Boost)  
  14  0:19  Pylon  
  14  0:23  Probe (Chrono Boost)  
  15  0:38  Probe (Chrono Boost)  
  16  0:43  Gateway  
  16  0:47  Assimilator  
  16  0:49  Probe (Chrono Boost)  
  17  0:59  Probe (Chrono Boost)  
  18  1:07  Pylon  
  18  1:14  Forge  
  18  1:20  Probe (Chrono Boost)  
  19  1:30  Pylon  
  19  1:40  Probe (Chrono Boost)  
  20  1:47  Photon Cannon  
  20  1:49  Photon Cannon  
  21  1:54  Probe (Chrono Boost)  
  21  2:00  Assimilator  
  21  2:08  Pylon  
  21  2:19  Photon Cannon  
  21  2:25  Photon Cannon  
  21  2:29  Pylon  
  21  2:40  Photon Cannon  
  21  2:53  Photon Cannon  
  21  2:59  Pylon  
  21  3:04  Pylon  
  21  3:22  Photon Cannon  
  21  3:31  Photon Cannon  
  21  3:43  Photon Cannon  
  21  3:49  Cybernetics Core  
  21  3:50  Gateway  
  21  3:58  Photon Cannon  
  21  3:59  Photon Cannon  
  21  4:09  Photon Cannon  
  20  4:47  Nexus  
  20  4:48  Probe (Chrono Boost)  
  21  4:57  Pylon  
  21  4:59  Probe (Chrono Boost)  
  22  5:00  Pylon  
  22  5:09  Probe (Chrono Boost)  
  23  5:20  Probe (Chrono Boost)  
  24  5:31  Mothership Core (Chrono Boost), Stargate  
  26  5:49  Probe (Chrono Boost), Protoss Air Weapons Level 1  
  27  5:59  Probe (Chrono Boost)  
  27  6:02  Pylon  
  28  6:04  Pylon  
  28  6:05  Photon Cannon  
  28  6:10  Probe (Chrono Boost)  
  29  6:12  Probe (Chrono Boost)  
  30  6:20  Probe (Chrono Boost)  
  30  6:21  Pylon  
  31  6:30  Photon Cannon  
  33  6:43  Pylon  
  32  6:50  Pylon  
  32  6:53  Pylon  
  32  6:57  Phoenix  
  29  7:12  Photon Cannon  
  29  7:13  Probe (Chrono Boost)  
  29  7:14  Probe (Chrono Boost)  
  31  7:24  Probe x2 (Chrono Boost)  
  32  7:34  Photon Cannon  
  32  7:35  Probe x2 (Chrono Boost)  
  34  7:42  Photon Cannon  
  34  7:44  Assimilator  
  34  7:45  Probe x2 (Chrono Boost)  
  34  7:47  Assimilator  
  36  7:56  Probe x2 (Chrono Boost)  
  38  8:03  Fleet Beacon  
  38  8:16  Probe x2 (Chrono Boost)  
  40  8:26  Probe x2 (Chrono Boost)  
  42  8:31  Stargate  
  42  8:34  Stargate  
  42  8:41  Probe x2 (Chrono Boost), Nexus  
  44  8:43  Void Ray  
  44  8:45  Assimilator  
  48  8:49  Assimilator  
  48  8:51  Pylon  
  48  8:53  Pylon, Warp Gate  
  48  8:55  Pylon  
  48  8:58  Pylon  
  48  8:59  Protoss Shields Level 1  
  48  9:00  Probe (Chrono Boost)  
  48  9:01  Pylon  
  48  9:02  Probe (Chrono Boost)  
  50  9:11  Probe (Chrono Boost)  
  50  9:13  Probe (Chrono Boost)  
  52  9:21  Probe (Chrono Boost)  
  52  9:23  Probe (Chrono Boost)  
  54  9:30  Tempest  
  58  9:32  Probe (Chrono Boost)  
  67  9:54  Probe x2 (Chrono Boost)  
  69  10:02  Probe (Chrono Boost)  
  69  10:04  Probe (Chrono Boost)  
  69  10:05  Probe (Chrono Boost)  
  72  10:24  Tempest x2  
  60  10:40  Pylon  
  60  10:44  Pylon  
  60  10:46  Protoss Air Weapons Level 2, Pylon  
  60  10:47  Probe x3 (Chrono Boost)  
  63  10:56  Photon Cannon  
  63  10:57  Probe x2 (Chrono Boost)  
  63  10:58  Probe (Chrono Boost), Photon Cannon  
  63  11:02  Photon Cannon  
  66  11:05  Photon Cannon  
  66  11:08  Probe (Chrono Boost), Photon Cannon  
  71  11:22  Tempest  
  75  11:29  Stargate  
  75  11:43  Tempest  
  65  12:05  Tempest  
  69  12:18  Probe x2 (Chrono Boost)  
  69  12:21  Probe (Chrono Boost)  
  72  12:23  Tempest  
  72  12:25  Tempest  
  72  12:28  Probe (Chrono Boost)  
  81  12:35  Twilight Council  
  81  12:40  Stargate  
  81  12:48  Tempest  
  85  13:27  Tempest x3  
  93  13:34  Tempest  
  97  14:05  Dark Shrine  
  97  14:09  Nexus  
  97  14:12  Assimilator  
  97  14:16  Assimilator  
  97  14:17  Pylon  
  97  14:21  Pylon  
Show
View Real Time Build Order
Export as new Build Order

MasteroP Zerg 

Build Orders: Pool First, Lurkers 

Get SALT Encoding   

  12  0:01  Drone  
  13  0:12  Overlord  
  13  0:17  Drone  
  14  0:30  Drone x2  
  16  0:35  Drone  
  17  0:46  Spawning Pool  
  16  0:51  Extractor  
  16  0:52  Drone  
  16  0:56  Drone  
  17  1:20  Hatchery, Drone  
  17  1:25  Drone  
  18  1:34  Drone  
  18  1:38  Queen  
  21  1:44  Overlord  
  21  1:49  Drone  
  22  2:02  Roach Warren  
  22  2:03  Zergling x2  
  22  2:12  Zergling x2  
  23  2:22  Zergling x2  
  24  3:03  Drone x4  
  24  3:04  Drone x4  
  32  3:06  Queen  
  32  3:11  Spore Crawler  
  33  3:19  Drone x2  
  35  3:24  Spore Crawler  
  34  3:27  Extractor  
  34  3:29  Roach  
  34  3:32  Drone  
  34  4:01  Roach  
  35  4:02  Overlord  
  35  4:03  Overlord x2  
  35  4:09  Drone  
  36  4:18  Overlord  
  36  4:30  Lair  
  36  4:46  Roach x8  
  36  4:47  Roach x2  
  56  4:54  Hatchery  
  56  4:59  Drone x4  
  59  5:30  Evolution Chamber  
  59  5:31  Evolution Chamber  
  59  5:34  Drone x7  
  59  5:35  Drone x2  
  66  5:44  Drone x2  
  68  5:50  Extractor  
  68  5:51  Extractor  
  68  5:54  Overseer x2  
  68  5:56  Glial Reconstitution  
  66  6:02  Hydralisk Den  
  65  6:04  Spore Crawler  
  65  6:08  Spore Crawler  
  63  6:11  Spore Crawler  
  62  6:19  Drone  
  62  6:20  Drone x8  
  62  6:21  Drone x2  
  73  6:36  Spore Crawler  
  72  6:47  Muscular Augments  
  72  6:48  Hydralisk  
  72  6:49  Spore Crawler  
  73  6:54  Overlord x2  
  73  6:56  Zerg Missile Weapons Level 1  
  73  6:57  Zerg Ground Armor Level 1  
  73  7:03  Drone  
  73  7:05  Overlord  
  74  7:16  Hydralisk x3  
  74  7:17  Hydralisk  
  82  7:23  Spore Crawler  
  82  7:26  Drone  
  82  7:41  Hydralisk x3  
  82  7:42  Hydralisk x3  
  94  7:45  Overlord  
  94  7:48  Spore Crawler  
  93  7:53  Drone x2  
  95  8:01  Lurker Den  
  95  8:06  Drone  
  95  8:07  Drone x5  
  95  8:08  Drone  
  102  8:32  Spore Crawler  
  101  8:36  Spore Crawler  
  101  8:39  Hydralisk x3  
  105  8:42  Spine Crawler  
  105  8:45  Overlord x2  
  104  9:22  Hydralisk  
  104  9:23  Hydralisk x5  
  116  9:27  Overlord x3  
  116  9:30  Hatchery  
  115  9:35  Extractor  
  114  9:39  Extractor  
  114  9:45  Overlord x2  
  114  9:52  Lurker x2  
  114  9:53  Lurker x5  
  114  9:54  Lurker x4  
  114  9:56  Hydralisk  
  114  9:57  Hydralisk  
  128  10:44  Drone  
  128  10:45  Drone x9  
  128  10:46  Drone  
  139  10:56  Drone x2  
  139  10:57  Drone x2  
  143  10:58  Queen  
  145  11:06  Drone x2  
  135  12:05  Spore Crawler  
  135  12:07  Spore Crawler  
  133  12:09  Spore Crawler  
  133  12:10  Spore Crawler  
  131  12:19  Overlord  
  131  12:20  Overlord, Hydralisk x5  
  131  12:21  Hydralisk x2  
  131  12:22  Overlord x2  
  145  12:24  Zerg Missile Weapons Level 2  
  145  12:26  Zerg Ground Armor Level 2  
  145  12:34  Drone  
  145  12:36  Overlord x2  
  146  12:43  Hydralisk x2  
  146  12:44  Hydralisk x6  
  162  12:56  Hydralisk  
  162  12:57  Hydralisk x2  
  127  13:10  Hydralisk x2  
  127  13:11  Hydralisk x7  
  106  13:21  Lurker x4  
  106  13:22  Lurker  
  106  13:26  Drone  
  112  13:28  Hydralisk  
  114  13:41  Hydralisk x6  
  114  13:42  Hydralisk  
  128  13:54  Overseer x2  
  128  14:22  Hydralisk x6  
  128  14:23  Hydralisk x3  
  85  14:32  Extractor  
  85  14:34  Hatchery, Hydralisk x2  
  85  14:37  Extractor  
  54  15:01  Roach x8  
  54  15:02  Roach x3  
  70  15:17  Hydralisk x2  
  70  15:18  Hydralisk  
Show
View Real Time Build Order
Export as new Build Order

Crafty Protoss 

Build Orders:  

Get SALT Encoding   

  12  0:02  Probe (Chrono Boost)  
  13  0:12  Probe (Chrono Boost)  
  14  0:19  Pylon  
  14  0:23  Probe (Chrono Boost)  
  15  0:41  Gateway  
  15  0:42  Probe (Chrono Boost)  
  16  0:50  Assimilator  
  16  0:53  Assimilator  
  16  0:55  Probe (Chrono Boost)  
  17  1:08  Probe (Chrono Boost)  
  18  1:16  Pylon  
  19  1:18  Probe (Chrono Boost)  
  19  1:29  Probe (Chrono Boost)  
  20  1:37  Cybernetics Core  
  20  1:40  Gateway  
  20  1:47  Probe (Chrono Boost)  
  21  2:01  Forge  
  21  2:04  Probe (Chrono Boost)  
  22  2:09  Zealot  
  22  2:15  Stargate  
  23  2:34  Zealot  
  25  2:37  Warp Gate  
  23  2:56  Probe (Chrono Boost)  
  23  2:58  Zealot  
  25  3:07  Void Ray  
  26  3:28  Zealot  
  26  3:29  Zealot  
  30  3:37  Probe (Chrono Boost)  
  22  4:15  Probe (Chrono Boost)  
  21  4:22  Nexus  
  21  4:25  Pylon  
  21  4:27  Probe (Chrono Boost)  
  22  4:34  Void Ray  
  26  4:38  Protoss Ground Weapons Level 1  
  26  4:47  Zealot  
  26  4:52  Stalker  
  30  5:06  Probe (Chrono Boost)  
  31  5:17  Probe (Chrono Boost)  
  32  5:40  Probe (Chrono Boost)  
  33  5:48  Probe (Chrono Boost)  
  34  5:50  Probe (Chrono Boost)  
  34  5:56  Gateway  
  35  5:57  Gateway  
  35  5:58  Probe (Chrono Boost)  
  35  5:59  Gateway  
  35  6:00  Pylon  
  35  6:01  Probe (Chrono Boost)  
  37  6:04  Pylon  
  37  6:12  Probe x2 (Chrono Boost)  
  39  6:19  Assimilator  
  39  6:22  Probe (Chrono Boost)  
  39  6:23  Probe (Chrono Boost)  
  41  6:33  Twilight Council  
  41  6:34  Probe (Chrono Boost)  
  41  6:35  Probe (Chrono Boost)  
  46  6:51  Void Ray  
  46  6:54  Probe x2 (Chrono Boost)  
  49  6:58  Assimilator  
  49  7:04  Probe x2 (Chrono Boost)  
  51  7:15  Mothership Core (Chrono Boost), Probe (Chrono Boost), Charge  
  54  7:24  Protoss Ground Weapons Level 2  
  54  7:25  Probe (Chrono Boost)  
  55  7:33  Probe (Chrono Boost)  
  55  7:36  Probe (Chrono Boost)  
  57  7:42  Zealot  
  57  7:43  Zealot  
  62  7:44  Probe (Chrono Boost)  
  62  7:49  Fleet Beacon  
  62  7:58  Zealot, Protoss Air Weapons Level 1  
  62  7:59  Zealot  
  62  8:00  Probe (Chrono Boost)  
  62  8:03  Probe (Chrono Boost)  
  68  8:10  Zealot  
  70  8:24  Stargate  
  70  8:50  Pylon  
  70  8:52  Nexus  
  70  8:54  Pylon  
  70  8:55  Assimilator  
  70  8:58  Pylon  
  70  9:00  Assimilator  
  70  9:02  Pylon  
  70  9:05  Pylon  
  70  9:10  Pylon  
  70  9:12  Pylon  
  70  9:19  Gateway  
  70  9:20  Gateway  
  70  9:23  Tempest  
  74  9:29  Probe (Chrono Boost)  
  75  9:43  Carrier  
  77  9:45  Probe (Chrono Boost)  
  77  9:46  Probe (Chrono Boost)  
  83  9:58  Carrier  
  89  10:07  Graviton Catapult (Chrono Boost)  
  89  10:09  Protoss Shields Level 1  
  89  10:15  Protoss Air Weapons Level 2  
  89  10:50  Probe  
  89  10:51  Probe x2  
  92  11:02  Nexus, Zealot  
  92  11:03  Zealot  
  96  11:04  Sentry  
  96  11:05  Sentry, Pylon  
  96  11:06  Sentry, Phoenix  
  96  11:07  Pylon  
  96  11:11  Assimilator  
  104  11:14  Robotics Facility  
  104  11:16  Assimilator  
  104  11:21  Phoenix  
  104  11:24  Probe x2  
  108  11:27  Tempest  
  112  11:40  Void Ray  
  112  11:46  Probe  
  116  11:47  Probe x2  
  116  11:51  Sentry  
  116  11:52  Sentry  
  116  11:53  Sentry  
  125  12:05  Observer  
  125  12:07  Zealot x2  
  125  12:08  Zealot  
  132  12:09  Zealot  
  132  12:12  Tempest  
  138  12:25  Probe  
  138  12:27  Probe x2  
  141  12:31  Carrier  
  141  12:40  Zealot  
  149  12:46  Observer  
  149  12:49  Tempest  
  148  13:28  Tempest  
  148  13:29  Probe  
  148  13:30  Probe  
  148  13:31  Probe x2  
  156  13:40  Probe  
  154  13:42  Pylon  
  154  13:43  Probe, Pylon  
  154  13:45  Pylon  
  156  13:48  Carrier  
  156  13:50  Pylon  
  156  13:52  Pylon  
  156  13:54  Pylon  
  156  13:55  Pylon  
  156  13:59  Probe  
  156  14:00  Probe x2  
  165  14:18  Carrier  
  121  15:09  Probe, Tempest  
  121  15:10  Probe x2  
Show
View Real Time Build Order
Export as new Build Order

Duck Zerg 

Build Orders: Hatch First 

Get SALT Encoding   

  12  0:02  Drone  
  13  0:13  Overlord  
  13  0:18  Drone  
  14  0:32  Drone x2  
  16  0:37  Drone  
  17  0:57  Hatchery  
  17  0:58  Drone  
  17  1:02  Drone  
  18  1:17  Spawning Pool  
  17  1:21  Drone, Extractor  
  17  1:22  Drone  
  18  1:30  Drone  
  19  1:39  Drone  
  20  1:51  Overlord  
  20  2:04  Queen  
  22  2:10  Queen  
  22  2:13  Drone x2  
  26  2:23  Zergling x6  
  29  2:33  Metabolic Boost  
  29  2:34  Roach Warren  
  28  2:46  Overlord  
  28  2:47  Drone  
  28  2:48  Drone x2  
  28  3:01  Overlord  
  28  3:18  Roach x4  
  36  3:29  Evolution Chamber  
  35  3:35  Roach x4  
  35  3:40  Extractor  
  38  4:22  Roach x4  
  38  4:23  Roach  
  40  4:26  Drone x4  
  44  4:31  Extractor  
  44  4:32  Overlord  
  44  4:33  Overlord  
  43  4:51  Drone x2  
  41  5:13  Roach x8  
  55  5:18  Drone  
  56  5:37  Roach  
  56  5:38  Roach  
  56  5:39  Overlord  
  56  5:40  Overlord  
  60  5:48  Lair  
  60  5:59  Drone x5  
  60  6:02  Drone  
  66  6:05  Zerg Missile Weapons Level 1  
  66  6:14  Evolution Chamber  
  66  6:18  Extractor  
  64  6:32  Drone x4  
  68  6:33  Drone x4  
  72  6:41  Spore Crawler  
  71  6:56  Zerg Ground Armor Level 1  
  71  6:57  Roach x2  
  71  6:59  Overlord x2  
  75  7:12  Overlord x2  
  75  7:20  Hatchery  
  74  7:23  Drone  
  74  7:27  Overlord  
  75  7:30  Overlord  
  75  7:31  Overlord  
  75  7:40  Drone  
  75  7:41  Drone x6  
  82  7:47  Hydralisk Den  
  81  8:00  Zerg Missile Weapons Level 2  
  81  8:07  Spore Crawler  
  80  8:19  Queen  
  82  8:22  Roach x4  
  82  8:23  Hydralisk x2, Roach  
  82  8:24  Hydralisk  
  98  8:27  Spore Crawler  
  98  8:28  Drone x2  
  99  8:48  Queen  
  99  8:51  Drone x6  
  99  8:52  Hydralisk x2  
  111  9:31  Hydralisk x8  
  111  9:32  Hydralisk x3  
  133  9:44  Zerg Ground Armor Level 2  
  133  9:53  Drone x4  
  137  10:03  Hatchery  
  136  10:10  Queen  
  136  10:13  Overlord x2  
  136  10:14  Overlord  
  138  10:21  Glial Reconstitution  
  138  10:30  Overlord x3  
  138  10:33  Hydralisk x2  
  138  10:34  Hydralisk  
  144  11:03  Hydralisk x7  
  144  11:04  Hydralisk x3  
  164  11:12  Pneumatized Carapace  
  164  11:21  Ravager x2  
  164  11:24  Ravager  
  167  11:28  Extractor  
  167  11:32  Extractor  
  165  11:35  Queen  
  167  11:43  Drone x4  
  171  11:50  Hydralisk x6  
  183  11:59  Overlord x2  
  183  12:03  Overseer x3  
  183  12:05  Overseer  
  183  12:08  Overseer  
  183  12:20  Roach x4  
  183  12:21  Roach x4  
  199  12:26  Drone  
  200  12:44  Infestation Pit  
  200  12:47  Muscular Augments  
  200  12:48  Overseer  
  189  13:04  Hydralisk x5  
  189  13:05  Hydralisk x3  
  152  13:06  Hydralisk  
  136  13:27  Hydralisk x5  
  144  13:46  Hydralisk  
  144  13:47  Hydralisk x6  
  152  14:04  Hydralisk  
  152  14:05  Hydralisk x4  
  128  14:32  Roach x3  
  128  14:33  Roach x7  
  148  15:02  Hydralisk x7  
  148  15:03  Hydralisk  
  160  15:36  Overlord x5  
Show
View Real Time Build Order
Export as new Build Order

Bcblond Zerg 

Build Orders: Hatch First, Muta Ling Bane 

Get SALT Encoding   

  12  0:03  Drone  
  13  0:12  Overlord  
  13  0:18  Drone  
  14  0:30  Drone x2  
  16  0:36  Drone  
  17  0:55  Hatchery  
  17  0:57  Drone  
  17  1:05  Drone, Extractor  
  17  1:17  Spawning Pool  
  16  1:28  Drone  
  16  1:30  Drone x2  
  19  1:43  Overlord  
  19  2:05  Metabolic Boost  
  19  2:07  Queen  
  19  2:08  Queen  
  21  2:13  Zergling x2  
  25  2:15  Drone  
  25  2:19  Drone  
  28  2:46  Lair  
  28  2:48  Drone x6  
  32  2:53  Extractor  
  31  3:03  Spine Crawler  
  30  3:08  Drone x2  
  30  3:11  Overlord  
  30  3:12  Extractor  
  31  3:13  Extractor  
  30  3:29  Drone x3  
  30  3:30  Drone  
  34  3:37  Drone x2  
  34  3:38  Drone  
  37  3:44  Zergling x2  
  37  4:05  Spire  
  37  4:09  Drone  
  37  4:10  Drone x5  
  42  4:37  Hatchery  
  41  4:51  Overlord x2  
  41  4:55  Overlord  
  41  4:56  Evolution Chamber  
  40  5:06  Drone x3  
  43  5:08  Overlord  
  43  5:17  Mutalisk x5  
  54  5:31  Overseer  
  54  5:33  Mutalisk x2  
  56  5:41  Mutalisk  
  59  5:42  Drone  
  59  5:43  Drone x4  
  63  5:55  Drone x2  
  65  5:57  Queen  
  65  5:59  Drone  
  68  6:06  Drone x2  
  68  6:08  Drone  
  71  6:20  Mutalisk  
  71  6:21  Mutalisk  
  75  6:29  Drone  
  75  6:30  Drone x4  
  80  6:46  Mutalisk  
  82  6:48  Overlord x3  
  82  6:49  Overlord  
  82  6:56  Mutalisk  
  82  7:08  Mutalisk x2  
  82  7:10  Drone x3  
  85  7:18  Mutalisk  
  85  7:20  Drone x2  
  87  7:27  Queen  
  89  7:33  Extractor  
  89  7:36  Extractor  
  87  7:38  Zergling x10  
  87  7:39  Hatchery, Zergling x2  
  87  7:40  Baneling Nest  
  87  7:41  Zerg Ground Armor Level 1  
  91  7:46  Mutalisk  
  93  7:57  Drone  
  93  7:58  Drone x3  
  97  8:04  Zerg Flyer Weapons Level 1  
  97  8:11  Mutalisk x2  
  101  8:13  Drone x3  
  101  8:14  Drone x2  
  101  8:18  Spore Crawler  
  101  8:40  Mutalisk x2  
  105  8:52  Mutalisk  
  105  8:53  Mutalisk x3  
  109  8:59  Overlord x2  
  109  9:00  Overlord x2  
  109  9:05  Hatchery  
  109  9:07  Overlord x3  
  109  9:08  Overlord  
  108  9:13  Centrifical Hooks  
  108  9:15  Overlord x2  
  106  9:24  Mutalisk  
  106  9:25  Mutalisk x3  
  106  9:27  Mutalisk x2  
  118  9:32  Queen  
  118  9:33  Mutalisk x4  
  118  9:34  Mutalisk x2  
  118  9:36  Drone  
  133  9:43  Mutalisk  
  135  9:45  Overlord  
  135  9:52  Zerg Melee Weapons Level 1  
  135  9:54  Zergling x10  
  135  9:59  Mutalisk  
  142  10:01  Overlord  
  142  10:02  Zergling x6  
  142  10:03  Drone x2, Zergling x6  
  150  10:09  Mutalisk  
  152  10:14  Mutalisk x2  
  152  10:37  Drone  
  152  10:38  Drone x9  
  152  10:41  Extractor  
  161  10:44  Extractor  
  161  10:49  Roach Warren  
  159  11:00  Zerg Flyer Armor Level 1  
  159  11:01  Corruptor  
  159  11:02  Corruptor x4  
  163  11:21  Mutalisk  
  135  12:06  Corruptor x5  
  123  12:11  Roach x2  
  123  12:12  Roach  
  119  12:18  Overseer x3  
  121  12:22  Roach  
  121  12:23  Roach x2  
  121  12:24  Overlord x2  
  121  12:25  Overlord  
  125  12:35  Overlord x3  
  125  12:36  Overlord  
  125  12:39  Overlord x2  
  125  12:43  Overlord x4  
  125  12:55  Roach x4  
  125  12:56  Roach x4  
  141  13:01  Glial Reconstitution  
  141  13:03  Zerg Missile Weapons Level 1  
  141  13:16  Roach  
  141  13:17  Roach x14  
  171  13:29  Roach  
  171  13:30  Roach x6  
  171  13:33  Corruptor x2  
  188  13:44  Roach  
  188  13:45  Roach x4  
  198  14:06  Infestation Pit  
  167  14:34  Corruptor  
  167  14:35  Corruptor x7  
  167  14:36  Corruptor  
  152  14:59  Corruptor x3  
  146  15:00  Corruptor  
  146  15:02  Hatchery  
  149  15:11  Corruptor  
  149  15:13  Zergling x8  
  149  15:14  Zergling x22  
  164  15:31  Corruptor x4  
Tags
 
Add a new tag
Caveats
  • Supply blocks, unpowered buildings, or Contaminate may cause inaccurate times.
  • Supply counts are checked every 10 seconds.